 Dungeon Crawl Stone Soup version 0.21.1-1-g345015f (webtiles) character file.

2366 shakethe the Cleaver (level 9, -1/73 HPs)
             Began as a Deep Dwarf Skald on Feb 17, 2018.
             Was an Initiate of Makhleb.
             Slain by an orc warrior
             ... wielding a +0 broad axe
              (14 damage)
             ... in a bailey.
             The game lasted 00:18:43 (5299 turns).

shakethe the Cleaver (Deep Dwarf Skald)             Turns: 5299, Time: 00:18:44

Health: -1/73      AC: 21    Str: 18    XL:     9   Next: 21%
Magic:  6/6        EV:  6    Int: 14    God:    Makhleb [......]
Gold:   91         SH:  0    Dex: 12    Spells: 8/11 levels left

rFire    . . .     SeeInvis .   a - +1 hand axe
rCold    . . .     Gourm    .   (no shield)
rNeg     . . .     Faith    .   I - +4 plate armour
rPois    .         Spirit   .   z - +0 helmet
rElec    .         Reflect  .   (no cloak)
rCorr    .         Harm     .   (no gloves)
MR       +....                  k - +1 pair of boots
Stlth    ..........             (no amulet)
HPRegen  0.00/turn              (no ring)
MPRegen  0.10/turn              (no ring)

@: non-regenerating
A: damage resistance, heal wounds, sense surroundings 2, no regeneration
a: Heal Wounds, Renounce Religion


You were in a bailey.
You worshipped Makhleb.
Makhleb was noncommittal.
You were hungry.

You visited 1 branch of the dungeon, and saw 7 of its levels.
You also visited: Bailey.

You collected 291 gold pieces.
You spent 200 gold pieces at shops.

Inventory:

Hand Weapons
 a - a +1 hand axe (weapon)
Missiles
 b - 3 curare-tipped needles
 t - 20 tomahawks of returning (quivered)
 y - a throwing net {=f, !d}
Armour
 k - a +1 pair of boots (worn)
   (You found it on level 1 of the Dungeon)
 z - a +0 helmet (worn)
   (You took it off Robin on level 4 of the Dungeon)
 C - a +0 ring mail
   (You found it on level 4 of the Dungeon)
 E - a +0 chain mail
   (You found it on level 6 of the Dungeon)
 I - a +4 plate armour (worn)
   (You found it on level 6 of the Dungeon)
Wands
 x - a wand of paralysis (5)
   (You took it off Edmund on level 4 of the Dungeon)
 G - a wand of polymorph (9)
   (You found it on level 6 of the Dungeon)
Scrolls
 g - 8 scrolls of teleportation
 i - a scroll of random uselessness
 j - a scroll of remove curse
 q - a scroll of enchant weapon
 r - 2 scrolls of amnesia
 w - a scroll of immolation {!r}
Potions
 e - 2 potions of lignification {unknown}
 f - a potion of invisibility {unknown}
 h - 7 potions of heal wounds
 l - a potion of berserk rage {!q}
 m - a potion of might {unknown}
 n - a potion of resistance {unknown}
 o - 2 potions of magic {unknown}
 p - 3 potions of curing
 s - a potion of agility {unknown}
 v - 3 potions of mutation {!q}
 B - 2 potions of degeneration {!q}
 D - a potion of brilliance
Books
 c - a book of Battle
Comestibles
 d - 11 rations


   Skills:
 - Level 1.7 Fighting
 * Level 11.4 Axes
 + Level 7.3 Armour
 - Level 2.1 Dodging
 - Level 1.7 Spellcasting
 - Level 2.6 Charms


You had 8 spell levels left.
You knew the following spells:

 Your Spells              Type           Power        Failure   Level  Hunger
a - Infusion              Chrm           #...         93%         1    ##.....
s - Shroud of Golubria    Chrm/Tloc      #.........   99%         2    ###....


Dungeon Overview and Level Annotations

Branches:
Dungeon (7/15)             Temple (0/1) D:6

Altars:
Ashenzari
Dithmenos
Elyvilon
Gozag
Kikubaaqudgha
Makhleb
Nemelex Xobeh
Trog
Zin

Shops:
D:7 *[


Innate Abilities, Weirdness & Mutations

You are resistant to damage.
You can heal yourself by infusing magical energy.
You passively map the area around you.
You do not regenerate.


Message History

The tomahawk of returning barely misses you.
The weapon returns to the kobold!
There is an open gate here.
You slash the kobold!
You kill the kobold!
Makhleb accepts your kill.
The kobold throws a tomahawk of returning.
The tomahawk of returning barely misses you.
An orc warrior comes into view. It is wielding a broad axe.
Things that are here:
a glowing fustibalus; a tomahawk of returning; a kobold corpse The kobold throws a tomahawk of returning.
The tomahawk of returning hits you but does no damage.
The weapon returns to the kobold!
Things that are here:
a glowing fustibalus; a tomahawk of returning; a kobold corpse
There is an open gate here.
You see here a tomahawk of returning.
t - 20 tomahawks of returning (gained 1)
There are no items here.
There are no items here.
There is an open gate here.
You hit the orc warrior but do no damage.
The orc warrior hits you with a broad axe.
You hit the orc warrior but do no damage.
The orc warrior hits you but does no damage.
You completely miss the orc warrior. You closely miss the orc warrior.
The orc warrior barely misses you.
You hit the orc warrior but do no damage.
You hit the orc warrior.
The orc warrior hits you but does no damage.
You hit the orc warrior but do no damage.
You hit the orc warrior but do no damage.
The orc warrior closely misses you.
You closely miss the orc warrior. You hit the orc warrior.
The orc warrior hits you but does no damage.
You closely miss the orc warrior.
The orc warrior hits you but does no damage.
You hit the orc warrior but do no damage.
You closely miss the orc warrior.
The orc warrior hits you with a broad axe.
You barely miss the orc warrior. You closely miss the orc warrior.
The orc warrior hits you but does no damage.
You barely miss the orc warrior. You hit the orc warrior.
The orc warrior hits you but does no damage.
You hit the orc warrior.
The orc warrior hits you but does no damage.
You closely miss the orc warrior. You closely miss the orc warrior.
The orc warrior hits you with a broad axe!
You take 5 damage, and have 42/73 hp.
You hit the orc warrior. You completely miss the orc warrior.
The orc warrior hits you with a broad axe.
Your plate armour prevents you from hitting the orc warrior.
You hit the orc warrior but do no damage.
The orc warrior hits you but does no damage.
You hit the orc warrior but do no damage.
The orc warrior hits you with a broad axe!
You take 9 damage, and have 33/73 hp.
You hit the orc warrior but do no damage.
You closely miss the orc warrior.
The orc warrior hits you with a broad axe.
You take 3 damage, and have 30/73 hp.
You hit the orc warrior.
You hit the orc warrior but do no damage.
The orc warrior barely misses you.
You hit the orc warrior.
Your plate armour prevents you from hitting the orc warrior.
The orc warrior hits you with a broad axe!
* * * LOW HITPOINT WARNING * * *
You take 15 damage, and have 15/73 hp.
MASSIVE DAMAGE!!
You feel much better.
The orc warrior hits you but does no damage.
You regained 13 hp, and now have 28/73 hp.
You hit the orc warrior but do no damage.
You hit the orc warrior.
The orc warrior hits you with a broad axe!
* * * LOW HITPOINT WARNING * * *
You take 7 damage, and have 21/73 hp.
You hit the orc warrior but do no damage.
You hit the orc warrior but do no damage.
The orc warrior closely misses you.
Your plate armour prevents you from hitting the orc warrior.
The orc warrior hits you with a broad axe.
You hit the orc warrior but do no damage.
You hit the orc warrior but do no damage.
The orc warrior hits you with a broad axe!
* * * LOW HITPOINT WARNING * * *
You take 8 damage, and have 13/73 hp.
You closely miss the orc warrior. You completely miss the orc warrior.
The orc warrior barely misses you.
Your plate armour prevents you from hitting the orc warrior.
You hit the orc warrior but do no damage.
The orc warrior hits you with a broad axe!
You die...

*,###≈≈.......≈≈##
'.K≈≈.......≈≈K. ,
#≈≈.......≈≈## *
,+≈≈.......≈≈K.+ *
#≈≈.......≈≈#* *
##≈.......≈##
####...#### #o..#
##@''## ##..∩..##
#.......#
#...∩...#
##.....## #######


You could see an orc warrior and 2 kobolds.

Vanquished Creatures
  Pikel (D:6)
  The ghost of SaintRoka the Ruffian, an amateur BaMo of Cheibriados (D:5)
  A hippogriff (D:7)
  Sigmund (D:5)
  Edmund (D:4)
  An ice beast (D:6)
  A slave (D:6)
  2 centaurs
  2 ogres
  2 bullfrogs (D:6)
  3 scorpions
  4 howler monkeys
  2 crimson imps
  3 hounds (D:6)
  A bullfrog skeleton (D:7)
  2 worker ants (D:5)
  Robin (D:4)
  2 gnolls (D:7)
  A howler monkey skeleton (D:7)
  4 adders
  An adder zombie (D:6)
  An adder skeleton (D:5)
  3 worms (D:4)
  2 dart slugs
  A leopard gecko (D:3)
  6 orcs
  A ball python (D:4)
  6 giant cockroaches
  19 goblins
  10 hobgoblins
  8 jackals
  6 quokkas
  5 bats (D:1)
  6 frilled lizards
  10 kobolds
  7 rats
128 creatures vanquished.

Notes
Turn   | Place    | Note
-------+----------+-------------------------------------------
     0 | D:1      | shakethe the Deep Dwarf Skald began the quest for the Orb.
     0 | D:1      | Reached XP level 1. HP: 19/19 MP: 3/3
   165 | D:1      | Reached skill level 3 in Axes
   165 | D:1      | Reached XP level 2. HP: 24/26 MP: 4/4
   603 | D:1      | Reached XP level 3. HP: 11/32 MP: 5/5
   621 | D:1      | Reached skill level 4 in Axes
  1228 | D:2      | Reached XP level 4. HP: 30/39 MP: 6/6
  1303 | D:2      | Reached skill level 5 in Axes
  1482 | D:3      | Found a white marble altar of Elyvilon.
  2163 | D:4      | Noticed Edmund
  2427 | D:4      | Noticed Robin
  2480 | D:4      | HP: 5/39 [Edmund/flail of draining (9)]
  2480 | D:4      | HP: 2/39 [Edmund/flail of draining (3)]
  2489 | D:4      | Killed Edmund
  2489 | D:4      | Reached skill level 6 in Axes
  2489 | D:4      | Reached skill level 2 in Armour
  2489 | D:4      | Reached XP level 5. HP: 22/45 MP: 6/6
  2492 | D:4      | HP: 11/45 [Robin/spear of piercing (3)]
  2501 | D:4      | Reached XP level 6. HP: 22/52 MP: 6/6
  2510 | D:4      | Killed Robin
  2514 | D:4      | HP: 13/52 [worm (2)]
  3106 | D:5      | Entered Level 5 of the Dungeon
  3242 | D:5      | Reached skill level 3 in Armour
  3332 | D:5      | HP: 11/52 [ogre/giant club (11)]
  3334 | D:5      | Reached skill level 7 in Axes
  3356 | D:5      | Noticed Sigmund
  3397 | D:5      | Killed Sigmund
  3397 | D:5      | Reached skill level 4 in Armour
  3397 | D:5      | Reached XP level 7. HP: 15/58 MP: 5/7
  3405 | D:5      | HP: 13/58 [crimson imp (2)]
  3414 | D:5      | Noticed SaintRoka's ghost (amateur BaMo)
  3417 | D:5      | HP: 12/58 [crimson imp (1)]
  3502 | D:6      | Reached skill level 8 in Axes
  3538 | D:5      | Killed SaintRoka's ghost
  3541 | D:5      | HP: 14/58 [poisoned by SaintRoka's ghost]
  3569 | D:5      | HP: 14/58 [scorpion (7)]
  3570 | D:5      | Reached skill level 5 in Armour
  3659 | D:5      | Found a shattered altar of Ashenzari.
  3691 | D:5      | Reached skill level 9 in Axes
  3691 | D:5      | Reached XP level 8. HP: 59/66 MP: 6/6
  4261 | D:6      | Found a bloodstained altar of Trog.
  4261 | D:6      | Noticed Pikel
  4317 | D:6      | HP: 14/66 [slave[Pikel] (5)]
  4321 | D:6      | Killed Pikel
  4321 | D:6      | Reached skill level 10 in Axes
  4321 | D:6      | Reached skill level 6 in Armour
  4349 | D:6      | Found a burning altar of Makhleb.
  4357 | D:6      | Became a worshipper of Makhleb the Destroyer
  4428 | D:6      | Found a staircase to the Ecumenical Temple.
  4670 | D:6      | Gained mutation: You passively map the area around you. [Deep Dwarf growth]
  4670 | D:6      | Reached XP level 9. HP: 37/73 MP: 7/7
  4739 | D:6      | Learned a level 2 spell: Shroud of Golubria
  4786 | D:6      | Found a sparkling altar of Nemelex Xobeh.
  4786 | D:6      | Found an opulent altar of Gozag.
  4897 | D:7      | Found an ancient bone altar of Kikubaaqudgha.
  4934 | D:7      | Reached skill level 11 in Axes
  4934 | D:7      | Reached skill level 7 in Armour
  4948 | D:7      | Found Ykocebud's Antique Armour Boutique.
  5017 | D:7      | Found a shadowy altar of Dithmenos.
  5017 | D:7      | Found a glowing silver altar of Zin.
  5020 | D:7      | Found Idijoss's Assorted Antiques.
  5025 | D:7      | Bought 2 potions of heal wounds for 200 gold pieces
  5140 | D:7      | Found a flagged portal.
  5151 | Bailey   | Entered a bailey
  5287 | Bailey   | HP: 15/73 [orc warrior/broad axe (15)]
  5295 | Bailey   | HP: 13/73 [orc warrior/broad axe (8)]
  5299 | Bailey   | Slain by an orc warrior

Skill      XL: |  1  2  3  4  5  6  7  8  9 |
---------------+----------------------------+-----
Axes           | 3 4 6 7 9 10 11 | 11.4
Armour         | 2 4 5 6 7 |  7.3
Fighting       | |  1.7
Dodging        | |  2.1
Spellcasting   | |  1.7
Charms         | |  2.6

Action                   |  1- 3 |  4- 6 |  7- 9 || total
-------------------------+-------+-------+-------++-------
Melee: Hand axe          |   198 |   187 |   401 ||   786
 Cast: Infusion          |       |     1 |       ||     1
 Abil: Heal Wounds       |     1 |     5 |    11 ||    17
  Use: Scroll            |       |       |    16 ||    16
  Eat: Chunk             |     1 |     4 |     6 ||    11
       Ration            |       |     1 |       ||     1
Armor: Leather armour    |    79 |    42 |       ||   121
       Ring mail         |       |    34 |    66 ||   100
       Chain mail        |       |       |    62 ||    62
       Plate armour      |       |       |   140 ||   140
Dodge: Dodged            |   153 |   133 |   188 ||   474

Vault maps used:
D:1:      lemuel_arrival_broad_hall, st_stairs_13
D:3:      elyvilon_altar_4, first_ration
D:4:      wad_floor_pattern_1, uniq_robin, uniq_edmund
D:5:      cheibrodos_ashenzari_chains, kennysheep_nub, uniq_sigmund
D:6:      grunt_temple_overflow_opulence, bloody_makhleb,
          nicolae_overflow_crystal_walls, minmay_temple_entry_nine_rooms,
          hangedman_abyss_or_decor_lesser_grid, minmay_misc_feat_more_columns,
          uniq_pikel
D:7:      lemuel_round_altar, nicolae_overflow_hidden_temple,
          old_standard_altar, basic_altar, serial_shops, shop, shop,
          lightli_bailey_entry_fortress
Bailey:   bailey_axe_3, bailey

Table legend:
 A = Turns spent in this place as a percentage of turns spent in the entire game.
 B = Non-inter-level travel turns spent in this place as a percentage of non-inter-level travel turns spent in the entire game.
 C = Inter-level travel turns spent in this place as a percentage of turns spent in this place.
 D = Turns resting spent in this place as a percentage of non-inter-level travel turns spent in this place.
 E = Turns spent auto-exploring this place as a percentage of non-inter-level travel turns spent in this place.
 F = Non-inter-level travel turns spent in this place divided by the number of levels of this place that you've seen.
                   A       B       C       D       E      F
               +-------+-------+-------+-------+-------+----------------------
         Total | 100.0 | 100.0 |   1.5 |   0.0 |  55.4 | 652.1
       Dungeon |  97.2 |  97.2 |   1.6 |   0.0 |  57.0 | 724.1
        Bailey |   2.8 |   2.8 |   0.0 |   0.0 |   0.0 | 148.0
               +-------+-------+-------+-------+-------+----------------------

Table legend:
 A = Kills in this place as a percentage of kills in entire the game.
 B = Kills by you in this place as a percentage of kills by you in the entire game.
 C = Kills by friends in this place as a percentage of kills by friends in the entire game.
 D = Other kills in this place as a percentage of other kills in the entire game.
 E = Experience gained in this place as a percentage of experience gained in the entire game.
 F = Experience gained in this place divided by the number of levels of this place that you have seen.
                   A       B       C       D       E      F
               +-------+-------+-------+-------+-------+----------------------
         Total | 100.0 | 100.0 |   N/A |   N/A | 100.0 | 422.6
       Dungeon |  96.9 |  96.9 |   N/A |   N/A |  99.8 | 482.1
        Bailey |   3.1 |   3.1 |   N/A |   N/A |   0.2 |   6.0
               +-------+-------+-------+-------+-------+----------------------
